 Dungeon Crawl Stone Soup version 0.18.1-48-g4cf74bf (webtiles) character file.

89 gigapuddisalt the Skirmisher (level 4, -7/52 HPs)
             Began as a Human Berserker on July 6, 2016.
             Was a Believer of Trog.
             Killed by nerve-wracking pain
             ... invoked by Grinder
              (14 damage)
             ... on level 3 of the Dungeon.
             The game lasted 00:17:46 (1818 turns).

gigapuddisalt the Skirmisher (Human Berserker)      Turns: 1818, Time: 00:17:47

Health: -7/52      AC:  6    Str: 23    XL:     4   Next: 84%
Magic:  4/4        EV:  9    Int:  8    God:    Trog [**....]
Gold:   107        SH:  7    Dex: 12    Spells: 0 memorised, 3 levels left

rFire  . . .     SeeInvis .     a - +2 spear
rCold  . . .     Gourm    .     h - +0 ring mail
rNeg   . . .     Faith    .     k - +0 shield
rPois  .         Spirit   .     (no helmet)
rElec  .         Dismiss  .     (no cloak)
rCorr  .         Reflect  .     (no gloves)
SustAt .         Harm     .     m - +0 pair of boots
MR     .....                    (no amulet)
Stlth  ..........               (no ring)
                                (no ring)

@: berserking, very quick, not resistant to hostile enchantments, extremely
unstealthy
A: no striking features
a: Berserk, Trog's Hand, Burn Spellbooks, Renounce Religion


You were on level 3 of the Dungeon.
You worshipped Trog.
Trog was pleased with you.
You were not hungry.

You visited 1 branch of the dungeon, and saw 3 of its levels.

You collected 107 gold pieces.

Inventory:

Hand Weapons
 a - a +2 spear (weapon)
Armour
 h - a +0 ring mail (worn)
 k - a +0 shield (worn)
 m - a +0 pair of boots (worn)
Scrolls
 i - 2 scrolls of remove curse
Comestibles
 c - a bread ration
 d - 3 beef jerkies


   Skills:
 + Level 3.5 Fighting
 + Level 3.4 Polearms
 + Level 2.6 Armour
 + Level 3.3 Dodging
 + Level 0.2 Stealth


You had 3 spell levels left.
You didn't know any spells.

Dungeon Overview and Level Annotations

Branches:
Dungeon (3/15)

Altars:
Cheibriados
Dithmenos

Annotations:
D:3 Grinder


Message History

Grinder hits you but does no damage. Grinder hits you!
* * * LOW HITPOINT WARNING * * *
You writhe in agony. x2
Grinder hits you.
* * * LOW HITPOINT WARNING * * *
You writhe in agony.
* * * LOW HITPOINT WARNING * * *
You can move again.
You closely miss Grinder.
Grinder is heavily wounded.
Grinder hits you but does no damage.
A red film seems to cover your vision as you go berserk!
You feel yourself moving faster!
You feel mighty!
You feel quite a bit more hungry. Grinder barely misses you.
You barely miss Grinder.
Grinder is heavily wounded.
Grinder gestures at you. Pain shoots through your body!
You die...

###### ##### ##§§§§# ##....
#.§§.§###### #.....
##..§§§.....# #.....
##..##....5..#########.<...
#.........@..))............
#.####.......#########.....
#.....).# ######
#.......#######
######......... #.........
#......... ..........
...........


You could see Grinder.

Vanquished Creatures
  An orc wizard (D:3)
  2 adders (D:2)
  2 giant geckos (D:1)
  4 orcs (D:3)
  2 giant cockroaches
  2 goblins (D:1)
  5 hobgoblins (D:1)
  5 jackals
  3 kobolds
  A quokka (D:3)
  A ball python (D:1)
  4 bats (D:1)
  A giant newt (D:3)
  5 rats
38 creatures vanquished.

Notes
Turn   | Place    | Note
--------------------------------------------------------------
     0 | D:1      | gigapuddisalt the Human Berserker began the quest for the Orb.
     0 | D:1      | Reached XP level 1. HP: 18/18 MP: 1/1
   435 | D:1      | Reached XP level 2. HP: 20/24 MP: 2/2
   742 | D:1      | Reached XP level 3. HP: 18/29 MP: 3/3
  1100 | D:2      | Found a faded altar to an unknown god.
  1170 | D:2      | Found a snail-covered altar of Cheibriados.
  1394 | D:2      | Reached XP level 4. HP: 34/35 MP: 4/4
  1642 | D:3      | Found a shadowy altar of Dithmenos.
  1753 | D:3      | Noticed Grinder
  1760 | D:3      | Paralysed by Grinder for 3 turns
  1772 | D:3      | Reached ** piety under Trog
  1777 | D:3      | Paralysed by Grinder for 2 turns
  1786 | D:3      | Paralysed by Grinder for 7 turns
  1811 | D:3      | Paralysed by Grinder for 5 turns
  1818 | D:3      | Killed from afar by Grinder

Skill      XL: |  1  2  3  4 |
---------------+-------------+-----
Dodging        | 3 |  3.3
Fighting       | |  3.5
Polearms       | |  3.4
Armour         | |  2.6
Stealth        | |  0.2

Action                   |  1- 3 |  4- 6 || total
-------------------------+-------+-------++-------
Melee: Spear             |   117 |    82 ||   199
Invok: Berserk           |       |     1 ||     1
  Use: Potion            |     2 |     4 ||     6
       Scroll            |       |     7 ||     7
  Eat: Bread ration      |     1 |       ||     1
Armor: Animal skin       |    11 |       ||    11
       Ring mail         |    37 |    32 ||    69
Dodge: Dodged            |    75 |    14 ||    89
Block: Shield            |     1 |    15 ||    16
